 Dungeon Crawl Stone Soup version 0.29-a0-322-g68df515428 (webtiles) character file.

Game seed: 8119132549424844398

60 Jortsu the Sneak (level 4, -2/37 (40) HPs)
             Began as a Hill Orc Delver on Apr 9, 2022.
             Slain by a necrophage (5 damage)
             ... on level 3 of the Dungeon.
             The game lasted 00:05:14 (3084 turns).

Jortsu the Sneak (Hill Orc Delver)                  Turns: 3084, Time: 00:05:14

HP:   -2/37 (40)    AC:  4    Str: 16    XL:     4   Next: 4%
MP:   4/4           EV: 11    Int: 10    God:
Gold: 116           SH:  0    Dex: 12    Spells: 3/3 levels left

rFire   . . .      SeeInvis .   a - +0 hand axe
rCold   . . .      Faith    .   (no shield)
rNeg    . . .      Spirit   .   b - +1 leather armour
rPois   .          Reflect  .   (no helmet)
rElec   .          Harm     .   (no cloak)
rCorr   .          Rampage  .   (no gloves)
Will    .....                   (no boots)
Stlth   ++........              (no amulet)
HPRegen 0.12/turn               (no ring)
MPRegen 0.09/turn               (no ring)

@: drained
A: no striking features
a: no special abilities


You were on level 3 of the Dungeon.
You visited 1 branch of the dungeon, and saw 5 of its levels.

You collected 116 gold pieces.

Inventory:

Hand Weapons
 a - a +0 hand axe (weapon)
Armour
 b - a +1 leather armour (worn)
Wands
 g - a wand of digging (9)
 j - a wand of acid (4)
Scrolls
 c - 2 scrolls of fog
 d - 2 scrolls of magic mapping
 e - 3 scrolls of fear
 h - a scroll of enchant armour
Potions
 f - a potion of haste
 i - 2 potions of flight
 m - a potion of degeneration {unknown}
 n - a potion of curing {unknown}
 o - a potion of heal wounds


   Skills:
 + Level 3.8 Fighting
 + Level 3.7 Axes
 + Level 1.5 Armour
 + Level 2.0 Dodging
 + Level 4.4 Stealth


You had 3 spell levels left.
You didn't know any spells.
Your spell library contained the following spells:

 Spells                   Type           Power      Damage    Failure   Level
 Magic Dart               Conj           0%         1d3       43%         1
 Call Imp                 Summ           0%         N/A       56%         2
 Call Canine Familiar     Summ           0%         N/A       80%         3
 Mephitic Cloud           Conj/Pois/Air  0%         N/A       80%         3
 Portal Projectile        Hex/Tloc       0%         N/A       80%         3
 Leda's Liquefaction      Hex/Erth       0%         N/A       99%         4


Dungeon Overview and Level Annotations

Branches:
Dungeon (5/15)
 Temple: D:4-7

Altars:
Cheibriados


Message History

You slash the water moccasin skeleton!
The water moccasin skeleton is moderately damaged.
The water moccasin skeleton bites you.
The water moccasin skeleton closely misses you.
You barely miss the water moccasin skeleton.
The water moccasin skeleton is moderately damaged.
The water moccasin skeleton bites you!
You hit the water moccasin skeleton.
The water moccasin skeleton is heavily damaged.
The water moccasin skeleton bites you.
You hit the necrophage.
The necrophage is lightly damaged.
You hit the necrophage but do no damage.
The necrophage is lightly damaged.
The necrophage hits you!
You barely miss the necrophage.
The necrophage is lightly damaged.
The necrophage hits you.
* * * LOW HITPOINT WARNING * * *
You feel drained.
* * * LOW HITPOINT WARNING * * *
You hit the necrophage.
The necrophage is lightly damaged.
The necrophage misses you. The necrophage hits you.
* * * LOW HITPOINT WARNING * * *
You hit the necrophage but do no damage.
The necrophage is lightly damaged.
The necrophage hits you but does no damage.
You hit the necrophage.
The necrophage is moderately damaged.
The necrophage hits you.
* * * LOW HITPOINT WARNING * * *
You feel drained.
You barely miss the necrophage.
The necrophage is moderately damaged.
The necrophage completely misses you.
You closely miss the necrophage.
The necrophage is moderately damaged.
The necrophage hits you.
You die...

Z....#.######+# #.#.....
.....#........###.#...#
.....#...$....##..#...#
.....#........#.......######
.....#........#.P...............
#'#'##.######.#.P.P.............
...............P....>..≈.......
#.#.!.......#.###.#...≈≈≈.....
..............Zn@......≈≈≈..#
............#.###.#.#..≈≈...#
............+.#.......≈≈≈...##
............#######....≈.....#
.# .................
+....##†#..# .#
....#############
#....##....##.# ..
#########...#.# . #.#...#
#....##


You could see a necrophage and a water moccasin skeleton.

Vanquished Creatures
  3 worms (D:2)
  2 adder skeletons (D:3)
  4 bats
  4 endoplasms
  6 giant cockroaches
  2 goblins (D:1)
  4 hobgoblins
  A jackal (D:2)
  5 kobolds
  A quokka (D:1)
  4 ball pythons
  A ball python skeleton (D:3)
  A frilled lizard (D:2)
  2 quokka skeletons (D:3)
  2 rats (D:1)
42 creatures vanquished.

Vanquished Creatures (others)
  22 plants (D:4)
22 creatures vanquished.

Grand Total: 64 creatures vanquished

Notes
Turn   | Place    | Note
-------+----------+-------------------------------------------
     0 | D:5      | Jortsu the Hill Orc Delver began the quest for the Orb.
     0 | D:5      | Reached XP level 1. HP: 19/19 MP: 1/1
   272 | D:4      | Noticed a gnoll shaman
   272 | D:4      | Noticed a phantom
   279 | D:4      | Noticed a necrophage
   319 | D:4      | Noticed a phantom
   703 | D:2      | Found a snail-covered altar of Cheibriados.
   731 | D:2      | Reached XP level 2. HP: 12/27 MP: 2/2
  1607 | D:1      | Reached XP level 3. HP: 16/33 MP: 3/3
  1896 | D:1      | Reached skill level 1 in Armour
  2888 | D:2      | You fall into a shaft and drop 1 floor!
  3021 | D:3      | Reached XP level 4. HP: 36/40 MP: 4/4
  3084 | D:3      | Slain by a necrophage

Illustrated notes

Levels and vault maps discovered:
D:1:      dpeg_arrival_pits, layout_basic, kennysheep_small_spiral,
          chequers_serial_rivers_micro_d
D:2:      layout_loops_corners, basic_altar, minmay_tripent
D:3:      wander_river, layout_basic, ebering_ecumenical_altar_abandoned,
          serial_undead, serial_undead_c, serial_undead_f, serial_undead_b,
          serial_undead_f, serial_undead_e, serial_undead_c, serial_undead_b,
          serial_undead_b, serial_undead_d, serial_undead_b
D:4:      dreamdust_elfheim, layout_loops_ring, grunt_gozag_breadcrumbs,
          serial_bayou, serial_bayou_crossing, serial_bayou_ford_a,
          serial_bayou_pond_c, serial_bayou_pond_e, serial_bayou_pond_c,
          serial_bayou_lagoon_a, minmay_shop_mayhem, minmay_bent
D:5:      minmay_chambers_of_threes, layout_cave_pools

Skill      XL: |  1  2  3 |
---------------+----------+-----
Axes           | 3 |  3.7
Armour         | 1 |  1.5
Dodging        | 2 |  2.0
Fighting       | |  3.8
Stealth        | |  4.4

Action                   |  1- 3 |  4- 6 || total
-------------------------+-------+-------++-------
Melee: Hand axe          |   162 |    12 ||   174
       Punch             |     3 |       ||     3
  Use: Scroll            |     4 |       ||     4
 Stab: Sleeping          |     7 |       ||     7
Armor: Leather armour    |    85 |     1 ||    86
Dodge: Dodged            |   159 |     4 ||   163

Table legend: (Time is in decaauts)
 A = Elapsed time spent in this place.
 B = Non-inter-level travel time spent in this place.
 C = Inter-level travel time spent in this place.
 D = Time resting spent in this place.
 E = Time spent auto-exploring this place.
 F = Levels seen in this place.
 G = Mean time per level.
                   A        B        C        D        E       F      G
               +--------+--------+--------+--------+--------+-----+--------+
         Total |   3108 |   3093 |     15 |   1279 |    983 |   5 |  621.6 |
       Dungeon |   3108 |   3093 |     15 |   1279 |    983 |   5 |  621.6 |
               +--------+--------+--------+--------+--------+-----+--------+

Top non-repeatable levels by time:
     D:1: 1277 daAuts
     D:2: 1269 daAuts
     D:4: 269 daAuts
     D:3: 233 daAuts
     D:5: 58 daAuts
